Rafales vs Punishers

Created - December 14, 2020 at 19:00

Goals
1 2 3 OT1 T
Rafales 0 3 2 1 6
Punishers 2 2 1 0 5
Shots
1 2 3 OT1 T
Rafales 17 19 6 1 43
Punishers 13 9 11 0 33

1st period

1. Punishers , Nikita Gusev 6 (Mattias Tedenby 17, Ben Betker 6) at 1:09 (PP)
2. Punishers , Austen Brassard 8 (Adam Pelech 13, Anton Blidh 4) at 18:52

Penalties :
Andrew Shaw (Stf) for Holding (Minor) at 0:16, Miikka Salomaki (Pro) for Tripping (Minor) at 15:49

2nd period

3. Punishers , Miikka Salomaki 22 (Adam Pelech 14, Madison Bowey 15) at 2:47
4. Rafales , Andrew Shaw 14 (James Sheppard 10) at 3:43
5. Punishers , Radek Faksa 15 (Miikka Salomaki 30, Adam Pelech 15) at 4:19
6. Rafales , Connor Murphy 2 (Zac Dalpe 17, Andrew Shaw 23) at 14:05
7. Rafales , Borna Rendulic 4 (Ryan Bourque 5, Connor Murphy 15) at 18:41

Penalties :
Tyler Bertuzzi (Pro) for Hooking (Minor) at 14:10, Andrew Shaw (Stf) for Tripping (Minor) at 19:53

3rd period

8. Rafales , Borna Rendulic 5 (Ryan Bourque 6, Gabriel Carlsson 7) at 5:08
9. Rafales , Ryan Bourque 4 (Slater Koekkoek 3) at 8:50
10. Punishers , Miikka Salomaki 23 (Tyler Bertuzzi 15, Radek Faksa 26) at 19:15

Penalties :
No Penalty

Overtime #1

11. Rafales , Joey Laleggia 2 (Connor Murphy 16) at 0:49

Penalties :
No Penalty

Goalie Stats

Sean Maguire (Stf), 15 saves from 16 shots - (0.938), W, 1-0-0, 36:30 minutes
Leland Irving (Stf), 13 saves from 17 shots - (0.765), 24:19 minutes
Daniel Altshuller (Pro), 37 saves from 43 shots - (0.860), OTL, 3-4-1, 60:19 minutes

Players Stats for Rafales

Player Name              G  A  P  +/- PIM S  H  SB GA TA FO     MP     PP MP  PK MP  
------------------------------------------------------------------------------------
Alexander Yelesin        0  0  0   0  0   0  2  1  0  0  0/0    12:46   0:00   0:00 
Andrew Shaw              1  1  2   1  4   7  1  1  1  0  3/4    20:58   2:11   0:00 
Ben Johnson              0  0  0   0  0   0  0  0  0  0  1/4     1:35   0:00   1:33 
Ben Thomson              0  0  0  -1  0   1  2  0  0  0  0/0    11:24   0:00   0:10 
Blake Speers             0  0  0   0  0   0  0  0  0  0  0/0     0:00   0:00   0:00 
Borna Rendulic           2  0  2   2  0   5  0  1  0  0  1/1     8:58   0:00   0:00 
Brad Ross                0  0  0   1  0   0  0  0  0  0  0/0     1:08   0:00   0:53 
Brian Ferlin             0  0  0  -1  0   7  3  0  0  0  1/1    17:16   1:47   0:25 
Connor Murphy            1  2  3   3  0   2  1  1  2  1  0/0    30:53   2:24   1:35 
David Broll              0  0  0   0  0   0  0  0  0  0  0/0     0:00   0:00   0:00 
Gabriel Carlsson         0  1  1  -1  0   0  0  1  0  0  0/0    21:21   1:34   1:17 
Garret Ross              0  0  0  -1  0   3  1  0  1  0  0/1    16:51   1:47   0:00 
James Livingstone        0  0  0  -1  0   1  0  2  0  1  0/0    11:14   0:00   0:00 
James Sheppard           0  1  1   1  0   2  1  1  0  1  1/2    20:28   2:11   0:25 
Jayson Megna             0  0  0  -1  0   2  2  0  0  0  7/12   16:54   1:47   0:03 
Joe Labate               0  0  0  -1  0   2  0  0  0  0  3/8    11:14   0:00   0:00 
Joey Laleggia            1  0  1   3  0   2  0  5  0  0  0/0    28:33   2:24   1:35 
Pavel Kraskovsky         0  0  0   1  0   0  0  0  0  0  0/0     0:46   0:00   0:00 
Ryan Bourque             1  2  3   2  0   4  2  0  1  0  1/4    11:00   0:00   0:51 
Slater Koekkoek          0  1  1  -1  0   0  3  1  2  1  0/0    26:02   1:34   1:17 
Tyrell Goulbourne        0  0  0   2  0   1  1  0  1  0  0/0     8:58   0:00   0:00 
Zac Dalpe                0  1  1   1  0   4  4  1  1  0  10/28  22:03   2:11   1:24 

Players Stats for Punishers

Player Name              G  A  P  +/- PIM S  H  SB GA TA FO     MP     PP MP  PK MP  
------------------------------------------------------------------------------------
Adam Pelech              0  3  3   1  0   0  4  1  1  1  0/0    24:34   1:56   2:35 
Alex Schoenborn          0  0  0  -1  0   0  0  0  0  0  0/0     0:35   0:00   0:00 
Andreas Athanasiou       0  0  0   0  0   0  0  0  0  0  0/0     1:08   0:00   0:48 
Anton Blidh              0  1  1   0  0   1  0  0  0  0  0/0     8:26   0:00   0:00 
Austen Brassard          1  0  1   0  0   7  0  0  0  0  0/0     8:26   0:00   0:00 
Ben Betker               0  1  1  -2  0   0  0  1  0  1  0/0    18:05   0:56   1:23 
Brett Kulak              0  0  0  -2  0   0  1  0  0  3  0/0    18:05   0:56   1:23 
Carter Ashton            0  0  0  -1  0   2  2  0  0  0  0/0    12:45   0:00   0:00 
Connor Clifton           0  0  0   0  0   0  1  0  0  1  0/0     6:37   0:00   0:00 
Daniel Audette           0  0  0   0  0   0  0  0  1  0  2/5     8:26   0:00   0:00 
Elias Lindholm           0  0  0  -2  0   0  1  1  0  1  10/15  15:36   1:24   0:48 
Fredrik Claesson         0  0  0  -1  0   2  0  1  0  1  0/0    11:33   0:00   0:00 
Gabriel Gagne            0  0  0   0  0   0  0  0  0  0  0/0     0:00   0:00   0:00 
John Quenneville         0  0  0  -1  0   2  0  0  0  0  3/6    12:45   0:00   0:00 
Joseph Cramarossa        0  0  0  -1  0   1  0  0  0  0  0/1    12:52   0:00   0:07 
Madison Bowey            0  1  1   1  0   2  0  1  0  1  0/0    24:34   1:56   2:35 
Mattias Tedenby          0  1  1  -2  0   4  4  0  1  0  0/2    17:42   1:24   2:18 
Michael Joly             0  0  0  -1  0   0  0  0  0  0  0/0     0:42   0:01   0:00 
Miikka Salomaki          2  1  3   2  2   3  1  0  0  0  3/4    21:17   1:28   1:09 
Nicolas Roy              0  0  0   0  0   0  0  0  0  0  0/2     1:42   0:00   1:12 
Nikita Gusev             1  0  1  -2  0   1  1  0  0  0  0/2    14:48   1:24   0:00 
Niko Mikkola             0  0  0   0  0   0  0  0  0  0  0/0     6:37   0:00   0:00 
Noah Juulsen             0  0  0  -1  0   1  0  1  0  0  0/0    11:33   0:00   0:00 
Radek Faksa              1  1  2   2  0   4  1  0  0  0  17/24  21:07   1:28   1:34 
Tyler Bertuzzi           0  1  1   2  2   3  1  0  1  0  2/4    19:21   1:27   0:00 

3 Stars

1 - Connor Murphy (Stf)
2 - Ryan Bourque (Stf)
3 - Borna Rendulic (Stf)

Power Play

Rafales - 0 on 2 Attempt(s) - 0.00%
Punishers - 1 on 2 Attempt(s) - 50.00%

Penalty Kill

Rafales - 1 on 2 Attempt(s) - 50.00% - Score 0 goal in Penalty Kill
Punishers - 2 on 2 Attempt(s) - 100.00% - Score 0 goal in Penalty Kill

Team Stat

Rafales - Hits : 23 - Faceoff Wins : 28 - Blocked Shots : 15 - Penalty Minutes : 4
Punishers - Hits : 17 - Faceoff Wins : 37 - Blocked Shots : 6 - Penalty Minutes : 4

Official

Referees : Unknown
Linesman : Unknown

Game Notes

3:04 of 1st period - Punishers goal is going for a video replay. After video review, No Goal. The puck has entered the net after making contact with an attacking player’s stick that is above the height of the crossbar.
Sean Maguire enters game at 4:19 of 2nd period

Finance

Level 1 -- Attendance: 1253 (62.65%) -- Ticket Income $50,120
Level 2 -- Attendance: 648 (64.80%) -- Ticket Income $12,960
Total Attendance: 1901 (63.37%)
Total Ticket Income: $63,080
Other Income: $3,154
Total Income: $66,234

Rafales

5 vs 5 Forward 
   Center                   Left Wing                Right Wing               Time % Phy DF OF 
 1 Zac Dalpe                James Sheppard           Andrew Shaw              40     1   2  2  
 2 Jayson Megna             Garret Ross              Brian Ferlin             30     1   2  2  
 3 Joe Labate               Ben Thomson              James Livingstone        20     1   2  2  
 4 Ryan Bourque             Tyrell Goulbourne        Borna Rendulic           10     1   2  2  

5 vs 5 Defense 
   Defense                  Defense                                           Time % Phy DF OF 
 1 Connor Murphy            Joey Laleggia                                     40     1   2  2  
 2 Slater Koekkoek          Gabriel Carlsson                                  30     1   2  2  
 3 Alexander Yelesin        Connor Murphy                                     20     1   2  2  
 4 Joey Laleggia            Slater Koekkoek                                   10     1   2  2  

PowerPlay Forward 
   Center                   Left Wing                Right Wing               Time % Phy DF OF 
 1 Zac Dalpe                James Sheppard           Andrew Shaw              60     1   2  2  
 2 Jayson Megna             Garret Ross              Brian Ferlin             40     1   2  2  

PowerPlay Defense
   Defense                  Defense                                           Time % Phy DF OF 
 1 Connor Murphy            Joey Laleggia                                     60     1   2  2  
 2 Slater Koekkoek          Gabriel Carlsson                                  40     1   2  2  

Penalty Kill 4 Players Forward 
   Center                   Wing                     Time % Phy DF OF 
 1 Andrew Shaw              Zac Dalpe                60     1   2  2  
 2 Brian Ferlin             James Sheppard           40     1   2  2  

Penalty Kill 4 Players Defense
   Defense                  Defense                  Time % Phy DF OF 
 1 Connor Murphy            Joey Laleggia            60     1   2  2  
 2 Slater Koekkoek          Gabriel Carlsson         40     1   2  2  

Penalty Kill - 3 Players Forward 
   Forward                                           Time % Phy DF OF 
 1 Andrew Shaw                                       60     1   2  2  
 2 Zac Dalpe                                         40     1   2  2  

Penalty Kill - 3 Players Defense
   Defense                  Defense                  Time % Phy DF OF 
 1 Connor Murphy            Joey Laleggia            60     1   2  2  
 2 Slater Koekkoek          Gabriel Carlsson         40     1   2  2  

4 vs 4 Forward 
   Center                   Wing                     Time % Phy DF OF 
 1 Andrew Shaw              Zac Dalpe                60     1   2  2  
 2 Brian Ferlin             James Sheppard           40     1   2  2  

4 vs 4 Defense
   Defense                  Defense                  Time % Phy DF OF 
 1 Connor Murphy            Joey Laleggia            60     1   2  2  
 2 Slater Koekkoek          Gabriel Carlsson         40     1   2  2  

Last Minutes Offensive
   Center                   Left Wing                Right Wing               Defense                  Defense                  
   Zac Dalpe                James Sheppard           Andrew Shaw              Connor Murphy            Joey Laleggia            

Last Minutes Defensive
   Center                   Left Wing                Right Wing               Defense                  Defense                  
   Zac Dalpe                James Sheppard           Andrew Shaw              Connor Murphy            Joey Laleggia            

Goaltenders
Starting : Leland Irving            
Backup : Sean Maguire             

Extra Forwards
Normal : Pavel Kraskovsky, Brad Ross, Ben Johnson - PP : Pavel Kraskovsky, Brad Ross - PK : Ben Johnson
Extra Defensemen
Normal : Alexander Yelesin, Gabriel Carlsson, Connor Murphy - PP : Alexander Yelesin - PK : Gabriel Carlsson, Connor Murphy
Penalty Shots
Andrew Shaw, Zac Dalpe, Brian Ferlin, James Sheppard, Garret Ross

Scratches
Dylan McIlrath (Strained Right Knee Injury), Julian Melchiori (Sprained Right Knee Injury), Chris Driedger (Healthy)

Punishers

5 vs 5 Forward 
   Center                   Left Wing                Right Wing               Time % Phy DF OF 
 1 Radek Faksa              Tyler Bertuzzi           Miikka Salomaki          40     1   2  2  
 2 Elias Lindholm           Nikita Gusev             Mattias Tedenby          30     1   2  2  
 3 John Quenneville         Joseph Cramarossa        Carter Ashton            20     1   2  2  
 4 Daniel Audette           Anton Blidh              Austen Brassard          10     1   2  2  

5 vs 5 Defense 
   Defense                  Defense                                           Time % Phy DF OF 
 1 Madison Bowey            Adam Pelech                                       40     1   2  2  
 2 Brett Kulak              Ben Betker                                        30     1   2  2  
 3 Fredrik Claesson         Noah Juulsen                                      20     1   2  2  
 4 Connor Clifton           Niko Mikkola                                      10     1   2  2  

PowerPlay Forward 
   Center                   Left Wing                Right Wing               Time % Phy DF OF 
 1 Radek Faksa              Tyler Bertuzzi           Miikka Salomaki          60     1   2  2  
 2 Elias Lindholm           Nikita Gusev             Mattias Tedenby          40     1   2  2  

PowerPlay Defense
   Defense                  Defense                                           Time % Phy DF OF 
 1 Madison Bowey            Adam Pelech                                       60     1   2  2  
 2 Brett Kulak              Ben Betker                                        40     1   2  2  

Penalty Kill 4 Players Forward 
   Center                   Wing                     Time % Phy DF OF 
 1 Miikka Salomaki          Mattias Tedenby          60     1   2  2  
 2 Radek Faksa              Elias Lindholm           40     1   2  2  

Penalty Kill 4 Players Defense
   Defense                  Defense                  Time % Phy DF OF 
 1 Madison Bowey            Adam Pelech              60     1   2  2  
 2 Brett Kulak              Ben Betker               40     1   2  2  

Penalty Kill - 3 Players Forward 
   Forward                                           Time % Phy DF OF 
 1 Miikka Salomaki                                   60     1   2  2  
 2 Mattias Tedenby                                   40     1   2  2  

Penalty Kill - 3 Players Defense
   Defense                  Defense                  Time % Phy DF OF 
 1 Madison Bowey            Adam Pelech              60     1   2  2  
 2 Brett Kulak              Ben Betker               40     1   2  2  

4 vs 4 Forward 
   Center                   Wing                     Time % Phy DF OF 
 1 Miikka Salomaki          Mattias Tedenby          60     1   2  2  
 2 Radek Faksa              Elias Lindholm           40     1   2  2  

4 vs 4 Defense
   Defense                  Defense                  Time % Phy DF OF 
 1 Madison Bowey            Adam Pelech              60     1   2  2  
 2 Brett Kulak              Ben Betker               40     1   2  2  

Last Minutes Offensive
   Center                   Left Wing                Right Wing               Defense                  Defense                  
   Radek Faksa              Tyler Bertuzzi           Miikka Salomaki          Madison Bowey            Adam Pelech              

Last Minutes Defensive
   Center                   Left Wing                Right Wing               Defense                  Defense                  
   Radek Faksa              Tyler Bertuzzi           Miikka Salomaki          Madison Bowey            Adam Pelech              

Goaltenders
Starting : Daniel Altshuller        
Backup : Louis Domingue           

Extra Forwards
Normal : Michael Joly, Alex Schoenborn, Nicolas Roy - PP : Michael Joly, Alex Schoenborn - PK : Nicolas Roy
Extra Defensemen
Normal : Fredrik Claesson, Noah Juulsen, Connor Clifton - PP : Fredrik Claesson - PK : Noah Juulsen, Connor Clifton
Penalty Shots
Miikka Salomaki, Mattias Tedenby, Radek Faksa, Elias Lindholm, Tyler Bertuzzi

Scratches
Austin Wagner (Healthy)

% Time on Ice - Rafales

Lines # - Real PCT - Wanted PCT - Time Play
Normal Forward
1 - 34% - 40% - 17:54
2 - 28% - 30% - 15:04
3 - 21% - 20% - 11:14
4 - 17% - 10% - 8:58
Normal Defense
1 - 35% - 40% - 18:43
2 - 32% - 30% - 17:06
3 - 21% - 20% - 11:19
4 - 11% - 10% - 6:02
PP Forward
1 - 55% - 60% - 2:11
2 - 45% - 40% - 1:47
PP Defense
1 - 61% - 60% - 2:24
2 - 39% - 40% - 1:34
PK Forward
1 - 85% - 60% - 2:27
2 - 15% - 40% - 0:25
PK Defense
1 - 55% - 60% - 1:35
2 - 45% - 40% - 1:17
PK3 Forward
1 - 0% - 60%
2 - 0% - 40%
PK3 Defense
1 - 0% - 60%
2 - 0% - 40%
44 Forward
1 - 100% - 60% - 0:49
2 - 0% - 40% - 0:00
44 Defense
1 - 100% - 60% - 0:49
2 - 0% - 40% - 0:00
Last Minute Offensive  - 0:00
Last Minute Defensive  - 0:00
Total
Forward - 60:49
Defense - 60:49

% Time on Ice - Punishers

Lines # - Real PCT - Wanted PCT - Time Play
Normal Forward
1 - 34% - 40% - 18:08
2 - 25% - 30% - 13:24
3 - 24% - 20% - 12:45
4 - 16% - 10% - 8:26
Normal Defense
1 - 37% - 40% - 19:33
2 - 28% - 30% - 15:00
3 - 22% - 20% - 11:33
4 - 13% - 10% - 6:37
PP Forward
1 - 51% - 60% - 1:28
2 - 49% - 40% - 1:24
PP Defense
1 - 67% - 60% - 1:56
2 - 33% - 40% - 0:56
PK Forward
1 - 81% - 60% - 3:13
2 - 19% - 40% - 0:45
PK Defense
1 - 65% - 60% - 2:35
2 - 35% - 40% - 1:23
PK3 Forward
1 - 0% - 60%
2 - 0% - 40%
PK3 Defense
1 - 0% - 60%
2 - 0% - 40%
44 Forward
1 - 100% - 60% - 0:49
2 - 0% - 40% - 0:00
44 Defense
1 - 61% - 60% - 0:30
2 - 39% - 40% - 0:19
Last Minute Offensive  - 0:27
Last Minute Defensive  - 0:00
Total
Forward - 60:49
Defense - 60:49

Play-by-Play

1st period


0:01 of 1st period - Radek Faksa wins face-off versus Zac Dalpe in neutral zone.
0:06 of 1st period - James Sheppard is hit by Radek Faksa and loses puck.
0:16 of 1st period - Minor Penalty to Andrew Shaw for Holding.
0:17 of 1st period - Radek Faksa wins face-off versus Ben Johnson in Rafales zone.
0:53 of 1st period - Wrist shot by Mattias Tedenby.
0:53 of 1st period - Deflect By Elias Lindholm.
0:53 of 1st period - Shot Misses the Net.
0:53 of 1st period - Puck is out of play.
0:54 of 1st period - Ben Johnson wins face-off versus Elias Lindholm in Rafales zone.
1:09 of 1st period - Snap shot by Nikita Gusev.
1:09 of 1st period - Goal by Nikita Gusev - Rafales : 0 - Punishers : 1.
1:10 of 1st period - Jayson Megna wins face-off versus Elias Lindholm in neutral zone.
2:07 of 1st period - Wrist shot by Brian Ferlin.
2:07 of 1st period - Shot Misses the Net.
2:09 of 1st period - Wrist shot by Jayson Megna.
2:09 of 1st period - Shot Blocked by Elias Lindholm.
2:21 of 1st period - Slapshot by Brian Ferlin.
2:21 of 1st period - Stopped by Daniel Altshuller with a rebound.
2:23 of 1st period - Slapshot by Gabriel Carlsson.
2:23 of 1st period - Shot Misses the Net.
2:25 of 1st period - Slapshot by Slater Koekkoek.
2:25 of 1st period - Deflect By Brian Ferlin.
2:25 of 1st period - Stopped by Daniel Altshuller without a rebound.
2:26 of 1st period - Zac Dalpe wins face-off versus Radek Faksa in Punishers zone.
2:27 of 1st period - Slapshot by Andrew Shaw.
2:27 of 1st period - Stopped by Daniel Altshuller with a rebound.
2:58 of 1st period - Snap shot by John Quenneville.
2:58 of 1st period - Shot Misses the Net.
3:00 of 1st period - Wrist shot by Joseph Cramarossa.
3:00 of 1st period - Shot Blocked by Joey Laleggia.
3:02 of 1st period - Slapshot by Fredrik Claesson.
3:02 of 1st period - Shot Blocked by Joey Laleggia.
3:04 of 1st period - Slapshot by Fredrik Claesson.
3:04 of 1st period - Punishers goal is going for a video replay.
3:04 of 1st period - The goal is refused. The puck has entered the net after making contact with an attacking player’s stick that is above the height of the crossbar..
3:05 of 1st period - John Quenneville wins face-off versus Ryan Bourque in Rafales zone.
3:08 of 1st period - Snap shot by Carter Ashton.
3:08 of 1st period - Stopped by Leland Irving with a rebound.
3:10 of 1st period - Wrist shot by Carter Ashton.
3:10 of 1st period - Shot Misses the Net.
3:12 of 1st period - Wrist shot by Joseph Cramarossa.
3:12 of 1st period - Stopped by Leland Irving without a rebound.
3:13 of 1st period - Ryan Bourque wins face-off versus John Quenneville in Rafales zone.
3:28 of 1st period - Fredrik Claesson is hit by Alexander Yelesin and loses puck.
3:47 of 1st period - Slapshot by John Quenneville.
3:47 of 1st period - Deflect By Connor Murphy.
3:47 of 1st period - Stopped by Leland Irving without a rebound.
3:48 of 1st period - Radek Faksa wins face-off versus Andrew Shaw in Rafales zone.
4:24 of 1st period - Backhand shot by Connor Murphy.
4:24 of 1st period - Shot Misses the Net.
5:02 of 1st period - Niko Mikkola is hit by Ryan Bourque and loses puck.
5:07 of 1st period - Snap shot by Ryan Bourque.
5:07 of 1st period - Stopped by Daniel Altshuller without a rebound.
5:08 of 1st period - Zac Dalpe wins face-off versus Tyler Bertuzzi in Punishers zone.
5:16 of 1st period - Icing by Niko Mikkola.
5:17 of 1st period - Radek Faksa wins face-off versus Zac Dalpe in Punishers zone.
5:24 of 1st period - Wrist shot by Radek Faksa.
5:24 of 1st period - Deflect By Miikka Salomaki.
5:24 of 1st period - Stopped by Leland Irving with a rebound.
5:46 of 1st period - Zac Dalpe is hit by Connor Clifton and loses puck.
7:29 of 1st period - Snap shot by Andrew Shaw.
7:29 of 1st period - Shot Misses the Net.
8:01 of 1st period - Wrist shot by Andrew Shaw.
8:01 of 1st period - Stopped by Daniel Altshuller with a rebound.
8:19 of 1st period - Wrist shot by Miikka Salomaki.
8:19 of 1st period - Shot Blocked by Joey Laleggia.
8:21 of 1st period - Wrist shot by Radek Faksa.
8:21 of 1st period - Shot Blocked by Connor Murphy.
8:40 of 1st period - Off-side.
8:41 of 1st period - Elias Lindholm wins face-off versus Joe Labate in neutral zone.
9:06 of 1st period - Brian Ferlin is hit by Adam Pelech and loses puck.
9:15 of 1st period - Joseph Cramarossa is hit by Garret Ross and loses puck.
9:34 of 1st period - Wrist shot by Austen Brassard.
9:34 of 1st period - Deflect By Daniel Audette.
9:34 of 1st period - Shot Blocked by Gabriel Carlsson.
9:34 of 1st period - Puck is out of play.
9:35 of 1st period - Elias Lindholm wins face-off versus Joe Labate in Rafales zone.
9:40 of 1st period - Snap shot by Mattias Tedenby.
9:40 of 1st period - Deflect By Elias Lindholm.
9:40 of 1st period - Shot Misses the Net.
9:40 of 1st period - Puck is out of play.
9:41 of 1st period - Elias Lindholm wins face-off versus Joe Labate in Rafales zone.
9:54 of 1st period - Wrist shot by Mattias Tedenby.
9:54 of 1st period - Shot Misses the Net.
10:38 of 1st period - Snap shot by Garret Ross.
10:38 of 1st period - Stopped by Daniel Altshuller without a rebound.
10:39 of 1st period - Brian Ferlin wins face-off versus Elias Lindholm in Punishers zone.
10:42 of 1st period - Wrist shot by Brian Ferlin.
10:42 of 1st period - Shot Misses the Net.
10:44 of 1st period - Wrist shot by Brian Ferlin.
10:44 of 1st period - Stopped by Daniel Altshuller without a rebound.
10:45 of 1st period - Jayson Megna wins face-off versus Nikita Gusev in Punishers zone.
11:33 of 1st period - Slapshot by Anton Blidh.
11:33 of 1st period - Stopped by Leland Irving without a rebound.
11:34 of 1st period - Jayson Megna wins face-off versus Daniel Audette in Rafales zone.
11:38 of 1st period - Slater Koekkoek is hit by Adam Pelech and loses puck.
11:51 of 1st period - Wrist shot by Austen Brassard.
11:51 of 1st period - Stopped by Leland Irving with a rebound.
12:05 of 1st period - Slapshot by Brian Ferlin.
12:05 of 1st period - Stopped by Daniel Altshuller with a rebound.
12:21 of 1st period - Wrist shot by Austen Brassard.
12:21 of 1st period - Shot Misses the Net.
12:23 of 1st period - Slapshot by Madison Bowey.
12:23 of 1st period - Stopped by Leland Irving with a rebound.
12:25 of 1st period - Slapshot by Adam Pelech.
12:25 of 1st period - Deflect By Anton Blidh.
12:25 of 1st period - Shot Misses the Net.
12:25 of 1st period - Puck is out of play.
12:26 of 1st period - Elias Lindholm wins face-off versus Joe Labate in Rafales zone.
13:38 of 1st period - Wrist shot by Andrew Shaw.
13:38 of 1st period - Shot Misses the Net.
13:53 of 1st period - Snap shot by Brian Ferlin.
13:53 of 1st period - Stopped by Daniel Altshuller without a rebound.
13:54 of 1st period - Radek Faksa wins face-off versus Jayson Megna in Punishers zone.
14:01 of 1st period - Joey Laleggia is hit by Tyler Bertuzzi and loses puck.
14:06 of 1st period - Slapshot by Radek Faksa.
14:06 of 1st period - Stopped by Leland Irving without a rebound.
14:07 of 1st period - Radek Faksa wins face-off versus Zac Dalpe in Rafales zone.
14:20 of 1st period - Slapshot by Tyler Bertuzzi.
14:20 of 1st period - Stopped by Leland Irving with a rebound.
14:22 of 1st period - Snap shot by Tyler Bertuzzi.
14:22 of 1st period - Shot Blocked by Andrew Shaw.
15:03 of 1st period - Wrist shot by Ben Thomson.
15:03 of 1st period - Stopped by Daniel Altshuller with a rebound.
15:15 of 1st period - Slapshot by Ben Thomson.
15:15 of 1st period - Deflect By Borna Rendulic.
15:15 of 1st period - Stopped by Daniel Altshuller with a rebound.
15:23 of 1st period - Slapshot by Tyrell Goulbourne.
15:23 of 1st period - Stopped by Daniel Altshuller with a rebound.
15:25 of 1st period - Snap shot by Ryan Bourque.
15:25 of 1st period - Deflect By Borna Rendulic.
15:25 of 1st period - Stopped by Daniel Altshuller with a rebound.
15:27 of 1st period - Slapshot by Joey Laleggia.
15:27 of 1st period - Stopped by Daniel Altshuller without a rebound.
15:28 of 1st period - Zac Dalpe wins face-off versus Radek Faksa in Punishers zone.
15:29 of 1st period - Snap shot by Andrew Shaw.
15:29 of 1st period - Stopped by Daniel Altshuller with a rebound.
15:31 of 1st period - Snap shot by James Sheppard.
15:31 of 1st period - Shot Blocked by Adam Pelech.
15:33 of 1st period - Slapshot by Andrew Shaw.
15:33 of 1st period - Shot Misses the Net.
15:49 of 1st period - Minor Penalty to Miikka Salomaki for Tripping.
15:50 of 1st period - Zac Dalpe wins face-off versus Nicolas Roy in Punishers zone.
16:03 of 1st period - Snap shot by Andrew Shaw.
16:03 of 1st period - Stopped by Daniel Altshuller without a rebound.
16:04 of 1st period - James Sheppard wins face-off versus Nicolas Roy in Punishers zone.
17:49 of 1st period - Penalty to Miikka Salomaki is over, Miikka Salomaki is back on ice.
17:53 of 1st period - Madison Bowey is hit by Zac Dalpe and loses puck.
18:24 of 1st period - Joseph Cramarossa is hit by Slater Koekkoek and loses puck.
18:29 of 1st period - Wrist shot by Ryan Bourque.
18:29 of 1st period - Shot Misses the Net.
18:31 of 1st period - Snap shot by Slater Koekkoek.
18:31 of 1st period - Shot Blocked by Madison Bowey.
18:33 of 1st period - Snap shot by Ryan Bourque.
18:33 of 1st period - Stopped by Daniel Altshuller with a rebound.
18:52 of 1st period - Snap shot by Austen Brassard.
18:52 of 1st period - Goal by Austen Brassard - Rafales : 0 - Punishers : 2.
18:53 of 1st period - Elias Lindholm wins face-off versus Zac Dalpe in neutral zone.
19:49 of 1st period - Snap shot by Austen Brassard.
19:49 of 1st period - Stopped by Leland Irving with a rebound.
Goals for this period are 0 for Rafales vs 2 for Punishers.
Shots for this period are 17 for Rafales vs 13 for Punishers.

2nd period


0:01 of 2nd period - Tyler Bertuzzi wins face-off versus Zac Dalpe in neutral zone.
0:16 of 2nd period - Wrist shot by Zac Dalpe.
0:16 of 2nd period - Stopped by Daniel Altshuller with a rebound.
0:26 of 2nd period - Connor Murphy is hit by Mattias Tedenby and loses puck.
0:55 of 2nd period - Slapshot by Austen Brassard.
0:55 of 2nd period - Stopped by Leland Irving without a rebound.
0:56 of 2nd period - Radek Faksa wins face-off versus Zac Dalpe in Rafales zone.
1:29 of 2nd period - Wrist shot by Ben Thomson.
1:29 of 2nd period - Shot Misses the Net.
1:33 of 2nd period - Snap shot by Joe Labate.
1:33 of 2nd period - Stopped by Daniel Altshuller without a rebound.
1:34 of 2nd period - Jayson Megna wins face-off versus Elias Lindholm in Punishers zone.
2:47 of 2nd period - Snap shot by Miikka Salomaki.
2:47 of 2nd period - Deflect By Slater Koekkoek.
2:47 of 2nd period - Goal by Miikka Salomaki - Rafales : 0 - Punishers : 3.
2:48 of 2nd period - Miikka Salomaki wins face-off versus Zac Dalpe in neutral zone.
2:52 of 2nd period - Off-side.
2:53 of 2nd period - Radek Faksa wins face-off versus James Sheppard in neutral zone.
3:43 of 2nd period - Slapshot by Andrew Shaw.
3:43 of 2nd period - Goal by Andrew Shaw - Rafales : 1 - Punishers : 3.
3:44 of 2nd period - Jayson Megna wins face-off versus Elias Lindholm in neutral zone.
3:51 of 2nd period - Snap shot by Mattias Tedenby.
3:51 of 2nd period - Stopped by Leland Irving without a rebound.
3:52 of 2nd period - Elias Lindholm wins face-off versus Jayson Megna in Rafales zone.
4:17 of 2nd period - Snap shot by Miikka Salomaki.
4:17 of 2nd period - Shot Blocked by Slater Koekkoek.
4:19 of 2nd period - Wrist shot by Radek Faksa.
4:19 of 2nd period - Goal by Radek Faksa - Rafales : 1 - Punishers : 4.
4:19 of 2nd period - Sean Maguire enters game.
4:20 of 2nd period - Radek Faksa wins face-off versus Zac Dalpe in neutral zone.
4:33 of 2nd period - Snap shot by Zac Dalpe.
4:33 of 2nd period - Stopped by Daniel Altshuller without a rebound.
4:34 of 2nd period - Joe Labate wins face-off versus Mattias Tedenby in Punishers zone.
5:41 of 2nd period - Slater Koekkoek is hit by Nikita Gusev and loses puck.
6:07 of 2nd period - Slapshot by Connor Murphy.
6:07 of 2nd period - Stopped by Daniel Altshuller without a rebound.
6:08 of 2nd period - Zac Dalpe wins face-off versus Daniel Audette in Punishers zone.
6:15 of 2nd period - Wrist shot by Andrew Shaw.
6:15 of 2nd period - Stopped by Daniel Altshuller without a rebound.
6:16 of 2nd period - Zac Dalpe wins face-off versus Radek Faksa in Punishers zone.
6:25 of 2nd period - Wrist shot by Zac Dalpe.
6:25 of 2nd period - Deflect By Andrew Shaw.
6:25 of 2nd period - Shot Misses the Net.
6:25 of 2nd period - Puck is out of play.
6:26 of 2nd period - Zac Dalpe wins face-off versus Tyler Bertuzzi in Punishers zone.
6:53 of 2nd period - Joe Labate is hit by Adam Pelech.
7:16 of 2nd period - Off-side.
7:17 of 2nd period - John Quenneville wins face-off versus Jayson Megna in neutral zone.
7:40 of 2nd period - Noah Juulsen is hit by Brian Ferlin and loses puck.
8:29 of 2nd period - Snap shot by Garret Ross.
8:29 of 2nd period - Stopped by Daniel Altshuller with a rebound.
8:33 of 2nd period - Snap shot by Garret Ross.
8:33 of 2nd period - Stopped by Daniel Altshuller with a rebound.
9:37 of 2nd period - Wrist shot by Slater Koekkoek.
9:37 of 2nd period - Deflect By Jayson Megna.
9:37 of 2nd period - Stopped by Daniel Altshuller without a rebound.
9:38 of 2nd period - Radek Faksa wins face-off versus Zac Dalpe in Punishers zone.
10:02 of 2nd period - Icing by Miikka Salomaki.
10:03 of 2nd period - Elias Lindholm wins face-off versus Joe Labate in Punishers zone.
10:08 of 2nd period - Connor Murphy is hit by Mattias Tedenby and loses puck.
10:31 of 2nd period - Icing by Tyler Bertuzzi.
10:32 of 2nd period - Radek Faksa wins face-off versus Zac Dalpe in Punishers zone.
10:49 of 2nd period - Miikka Salomaki is hit by Zac Dalpe and loses puck.
11:00 of 2nd period - Wrist shot by Andrew Shaw.
11:00 of 2nd period - Deflect By James Sheppard.
11:00 of 2nd period - Stopped by Daniel Altshuller with a rebound.
11:14 of 2nd period - Wrist shot by Zac Dalpe.
11:14 of 2nd period - Stopped by Daniel Altshuller without a rebound.
11:15 of 2nd period - Joe Labate wins face-off versus Nikita Gusev in Punishers zone.
11:16 of 2nd period - Wrist shot by James Livingstone.
11:16 of 2nd period - Stopped by Daniel Altshuller with a rebound.
11:22 of 2nd period - Wrist shot by James Livingstone.
11:22 of 2nd period - Shot Misses the Net.
11:28 of 2nd period - Slapshot by Madison Bowey.
11:28 of 2nd period - Shot Misses the Net.
11:30 of 2nd period - Backhand shot by Mattias Tedenby.
11:30 of 2nd period - Stopped by Sean Maguire with a rebound.
11:48 of 2nd period - Wrist shot by Pavel Kraskovsky.
11:48 of 2nd period - Shot Misses the Net.
11:59 of 2nd period - Icing by Daniel Audette.
12:00 of 2nd period - Elias Lindholm wins face-off versus Zac Dalpe in Punishers zone.
12:35 of 2nd period - Slapshot by Connor Murphy.
12:35 of 2nd period - Shot Blocked by Ben Betker.
12:45 of 2nd period - Backhand shot by Brian Ferlin.
12:45 of 2nd period - Stopped by Daniel Altshuller without a rebound.
12:46 of 2nd period - Daniel Audette wins face-off versus Jayson Megna in Punishers zone.
12:46 of 2nd period - Daniel Audette is hit by Slater Koekkoek.
13:02 of 2nd period - Snap shot by Austen Brassard.
13:02 of 2nd period - Stopped by Sean Maguire without a rebound.
13:03 of 2nd period - Tyler Bertuzzi wins face-off versus Zac Dalpe in Rafales zone.
13:30 of 2nd period - Connor Murphy is hit by Elias Lindholm and loses puck.
13:35 of 2nd period - Wrist shot by Mattias Tedenby.
13:35 of 2nd period - Shot Blocked by James Livingstone.
13:37 of 2nd period - Slapshot by Brett Kulak.
13:37 of 2nd period - Shot Misses the Net.
13:39 of 2nd period - Wrist shot by Mattias Tedenby.
13:39 of 2nd period - Stopped by Sean Maguire without a rebound.
13:40 of 2nd period - Zac Dalpe wins face-off versus John Quenneville in Rafales zone.
13:51 of 2nd period - Slapshot by James Sheppard.
13:51 of 2nd period - Stopped by Daniel Altshuller without a rebound.
13:52 of 2nd period - Zac Dalpe wins face-off versus Radek Faksa in Punishers zone.
14:03 of 2nd period - Wrist shot by Zac Dalpe.
14:03 of 2nd period - Stopped by Daniel Altshuller with a rebound.
14:05 of 2nd period - Snap shot by Connor Murphy.
14:05 of 2nd period - Goal by Connor Murphy - Rafales : 2 - Punishers : 4.
14:06 of 2nd period - Andrew Shaw wins face-off versus Radek Faksa in neutral zone.
14:10 of 2nd period - Minor Penalty to Tyler Bertuzzi for Hooking.
14:11 of 2nd period - Miikka Salomaki wins face-off versus Zac Dalpe in Punishers zone.
14:44 of 2nd period - Snap shot by Brian Ferlin.
14:44 of 2nd period - Stopped by Daniel Altshuller without a rebound.
14:45 of 2nd period - Jayson Megna wins face-off versus Radek Faksa in Punishers zone.
15:12 of 2nd period - Slater Koekkoek is hit by Brett Kulak and loses puck.
16:08 of 2nd period - Garret Ross is hit by Adam Pelech and loses puck.
16:10 of 2nd period - Penalty to Tyler Bertuzzi is over, Tyler Bertuzzi is back on ice.
16:23 of 2nd period - Adam Pelech is hit by Ben Thomson and loses puck.
16:44 of 2nd period - Slapshot by Austen Brassard.
16:44 of 2nd period - Shot Misses the Net.
16:46 of 2nd period - Snap shot by Austen Brassard.
16:46 of 2nd period - Shot Misses the Net.
16:48 of 2nd period - Snap shot by Anton Blidh.
16:48 of 2nd period - Shot Misses the Net.
16:50 of 2nd period - Slapshot by Fredrik Claesson.
16:50 of 2nd period - Stopped by Sean Maguire with a rebound.
16:52 of 2nd period - Slapshot by Noah Juulsen.
16:52 of 2nd period - Stopped by Sean Maguire without a rebound.
16:53 of 2nd period - Elias Lindholm wins face-off versus Ryan Bourque in Rafales zone.
17:18 of 2nd period - Gabriel Carlsson is hit by Carter Ashton and loses puck.
17:33 of 2nd period - Wrist shot by Borna Rendulic.
17:33 of 2nd period - Stopped by Daniel Altshuller with a rebound.
17:43 of 2nd period - Joseph Cramarossa is hit by Ryan Bourque and loses puck.
18:12 of 2nd period - Carter Ashton is hit by Slater Koekkoek and loses puck.
18:41 of 2nd period - Snap shot by Borna Rendulic.
18:41 of 2nd period - Goal by Borna Rendulic - Rafales : 3 - Punishers : 4.
18:42 of 2nd period - Radek Faksa wins face-off versus Zac Dalpe in neutral zone.
19:53 of 2nd period - Minor Penalty to Andrew Shaw for Tripping.
19:54 of 2nd period - Radek Faksa wins face-off versus Ben Johnson in Rafales zone.
Goals for this period are 3 for Rafales vs 2 for Punishers.
Shots for this period are 19 for Rafales vs 9 for Punishers.

3rd period


0:01 of 3rd period - Radek Faksa wins face-off versus Ben Johnson in neutral zone.
1:53 of 3rd period - Penalty to Andrew Shaw is over, Andrew Shaw is back on ice.
2:06 of 3rd period - Icing by Carter Ashton.
2:07 of 3rd period - John Quenneville wins face-off versus Garret Ross in Punishers zone.
2:14 of 3rd period - Noah Juulsen is hit by Brian Ferlin and loses puck.
2:20 of 3rd period - Icing by Noah Juulsen.
2:21 of 3rd period - Andrew Shaw wins face-off versus John Quenneville in Punishers zone.
2:24 of 3rd period - Wrist shot by Andrew Shaw.
2:24 of 3rd period - Stopped by Daniel Altshuller with a rebound.
2:40 of 3rd period - Slapshot by Carter Ashton.
2:40 of 3rd period - Stopped by Sean Maguire with a rebound.
2:42 of 3rd period - Slapshot by Noah Juulsen.
2:42 of 3rd period - Shot Blocked by James Sheppard.
2:44 of 3rd period - Backhand shot by Carter Ashton.
2:44 of 3rd period - Deflect By Joseph Cramarossa.
2:44 of 3rd period - Shot Blocked by Alexander Yelesin.
2:44 of 3rd period - Puck is out of play.
2:45 of 3rd period - Radek Faksa wins face-off versus Jayson Megna in Rafales zone.
2:52 of 3rd period - Wrist shot by Tyler Bertuzzi.
2:52 of 3rd period - Stopped by Sean Maguire with a rebound.
3:45 of 3rd period - Slapshot by Brett Kulak.
3:45 of 3rd period - Shot Blocked by Zac Dalpe.
4:05 of 3rd period - Icing by Tyrell Goulbourne.
4:06 of 3rd period - Borna Rendulic wins face-off versus Mattias Tedenby in Rafales zone.
4:06 of 3rd period - Borna Rendulic is hit by Mattias Tedenby.
4:58 of 3rd period - Slapshot by Ryan Bourque.
4:58 of 3rd period - Stopped by Daniel Altshuller with a rebound.
5:00 of 3rd period - Snap shot by Ryan Bourque.
5:00 of 3rd period - Shot Blocked by Fredrik Claesson.
5:08 of 3rd period - Snap shot by Borna Rendulic.
5:08 of 3rd period - Goal by Borna Rendulic - Rafales : 4 - Punishers : 4.
5:09 of 3rd period - Radek Faksa wins face-off versus Zac Dalpe in neutral zone.
5:36 of 3rd period - Carter Ashton is hit by Jayson Megna and loses puck.
6:02 of 3rd period - Anton Blidh is hit by Alexander Yelesin and loses puck.
6:36 of 3rd period - Slapshot by Mattias Tedenby.
6:36 of 3rd period - Stopped by Sean Maguire with a rebound.
7:20 of 3rd period - Icing by Connor Murphy.
7:21 of 3rd period - Daniel Audette wins face-off versus Ryan Bourque in Rafales zone.
7:22 of 3rd period - Slapshot by Adam Pelech.
7:22 of 3rd period - Shot Misses the Net.
7:24 of 3rd period - Wrist shot by Austen Brassard.
7:24 of 3rd period - Stopped by Sean Maguire with a rebound.
7:26 of 3rd period - Slapshot by Madison Bowey.
7:26 of 3rd period - Stopped by Sean Maguire with a rebound.
7:28 of 3rd period - Snap shot by Anton Blidh.
7:28 of 3rd period - Shot Misses the Net.
7:30 of 3rd period - Slapshot by Madison Bowey.
7:30 of 3rd period - Shot Blocked by Borna Rendulic.
7:32 of 3rd period - Wrist shot by Anton Blidh.
7:32 of 3rd period - Shot Misses the Net.
7:34 of 3rd period - Slapshot by Madison Bowey.
7:34 of 3rd period - Deflect By Austen Brassard.
7:34 of 3rd period - Shot Misses the Net.
7:34 of 3rd period - Puck is out of play.
7:35 of 3rd period - Miikka Salomaki wins face-off versus Zac Dalpe in Rafales zone.
7:42 of 3rd period - Madison Bowey is hit by Zac Dalpe.
8:48 of 3rd period - Wrist shot by Ryan Bourque.
8:48 of 3rd period - Shot Misses the Net.
8:50 of 3rd period - Wrist shot by Ryan Bourque.
8:50 of 3rd period - Goal by Ryan Bourque - Rafales : 5 - Punishers : 4.
8:51 of 3rd period - Radek Faksa wins face-off versus Zac Dalpe in neutral zone.
9:22 of 3rd period - Joe Labate is hit by Miikka Salomaki and loses puck.
9:41 of 3rd period - Wrist shot by Radek Faksa.
9:41 of 3rd period - Stopped by Sean Maguire without a rebound.
9:42 of 3rd period - Elias Lindholm wins face-off versus Zac Dalpe in Rafales zone.
10:07 of 3rd period - Joseph Cramarossa is hit by Jayson Megna and loses puck.
10:33 of 3rd period - Snap shot by Brian Ferlin.
10:33 of 3rd period - Deflect By Ben Thomson.
10:33 of 3rd period - Shot Blocked by Noah Juulsen.
10:33 of 3rd period - Puck is out of play.
10:34 of 3rd period - Joe Labate wins face-off versus Daniel Audette in Punishers zone.
10:44 of 3rd period - Snap shot by Austen Brassard.
10:44 of 3rd period - Stopped by Sean Maguire with a rebound.
10:46 of 3rd period - Backhand shot by Daniel Audette.
10:46 of 3rd period - Shot Misses the Net.
11:00 of 3rd period - Tyler Bertuzzi is hit by Connor Murphy and loses puck.
11:13 of 3rd period - Tyler Bertuzzi is hit by James Sheppard and loses puck.
11:24 of 3rd period - Radek Faksa is hit by Tyrell Goulbourne and loses puck.
11:56 of 3rd period - Snap shot by Miikka Salomaki.
11:56 of 3rd period - Shot Misses the Net.
12:20 of 3rd period - Slapshot by Ben Betker.
12:20 of 3rd period - Deflect By Mattias Tedenby.
12:20 of 3rd period - Shot Misses the Net.
12:20 of 3rd period - Puck is out of play.
12:21 of 3rd period - Zac Dalpe wins face-off versus Joseph Cramarossa in Rafales zone.
12:21 of 3rd period - Zac Dalpe is hit by Carter Ashton.
13:21 of 3rd period - Slapshot by Joe Labate.
13:21 of 3rd period - Stopped by Daniel Altshuller with a rebound.
13:41 of 3rd period - Wrist shot by Carter Ashton.
13:41 of 3rd period - Deflect By John Quenneville.
13:41 of 3rd period - Stopped by Sean Maguire with a rebound.
15:15 of 3rd period - Snap shot by Brian Ferlin.
15:15 of 3rd period - Shot Misses the Net.
15:17 of 3rd period - Slapshot by Jayson Megna.
15:17 of 3rd period - Stopped by Daniel Altshuller with a rebound.
15:54 of 3rd period - Tyler Bertuzzi is hit by Zac Dalpe and loses puck.
16:11 of 3rd period - Slater Koekkoek is hit by Mattias Tedenby.
16:25 of 3rd period - Madison Bowey is hit by Andrew Shaw and loses puck.
17:40 of 3rd period - Snap shot by Tyrell Goulbourne.
17:40 of 3rd period - Shot Misses the Net.
17:42 of 3rd period - Slapshot by Connor Murphy.
17:42 of 3rd period - Shot Misses the Net.
17:44 of 3rd period - Snap shot by James Sheppard.
17:44 of 3rd period - Shot Misses the Net.
18:33 of 3rd period - Wrist shot by Daniel Audette.
18:33 of 3rd period - Shot Misses the Net.
18:45 of 3rd period - Punishers, Daniel Altshuller is pulled from the net.
18:57 of 3rd period - Snap shot by Tyler Bertuzzi.
18:57 of 3rd period - Shot Misses the Net.
18:59 of 3rd period - Slapshot by Ben Betker.
18:59 of 3rd period - Shot Blocked by James Livingstone.
19:01 of 3rd period - Slapshot by Radek Faksa.
19:01 of 3rd period - Stopped by Sean Maguire with a rebound.
19:03 of 3rd period - Slapshot by Brett Kulak.
19:03 of 3rd period - Shot Blocked by Joey Laleggia.
19:07 of 3rd period - Wrist shot by Radek Faksa.
19:07 of 3rd period - Shot Blocked by Joey Laleggia.
19:13 of 3rd period - Slapshot by Tyler Bertuzzi.
19:13 of 3rd period - Stopped by Sean Maguire with a rebound.
19:15 of 3rd period - Snap shot by Miikka Salomaki.
19:15 of 3rd period - Goal by Miikka Salomaki - Rafales : 5 - Punishers : 5.
19:15 of 3rd period - Daniel Altshuller from Punishers was sent back in the game.
19:16 of 3rd period - Jayson Megna wins face-off versus Radek Faksa in neutral zone.
19:19 of 3rd period - Madison Bowey is hit by Brian Ferlin and loses puck.
19:46 of 3rd period - Ben Betker is hit by Ben Thomson and loses puck.
Goals for this period are 2 for Rafales vs 1 for Punishers.
Shots for this period are 6 for Rafales vs 11 for Punishers.

Overtime #1


0:01 of 1st overtime period - Andrew Shaw wins face-off versus Miikka Salomaki in neutral zone.
0:49 of 1st overtime period - Slapshot by Joey Laleggia.
0:49 of 1st overtime period - Goal by Joey Laleggia - Rafales : 6 - Punishers : 5.
Goals for this period are 1 for Rafales vs 0 for Punishers.
Shots for this period are 1 for Rafales vs 0 for Punishers.